 Dungeon Crawl Stone Soup version 0.24.0-13-gcf9b3192b9 (webtiles) character file.

Game seed: 2992643622853735121, levelgen mode: deterministic

2445 EriolAelfwine the Charmwright (level 9, -14/66 HPs)
             Began as a Merfolk Skald on Nov 10, 2019.
             Was a Believer of Ashenzari.
             Demolished by a wyvern (15 damage)
             ... on level 9 of the Dungeon.
             The game lasted 00:47:12 (14241 turns).

EriolAelfwine the Charmwright (Merfolk Skald)      Turns: 14241, Time: 00:47:12

Health: -14/66     AC:  8    Str: 12    XL:     9   Next: 49%
Magic:  14/17      EV: 11    Int: 15    God:    Ashenzari [**....]
Gold:   478        SH:  0    Dex: 16    Spells: 12/18 levels left

rFire    . . .     SeeInvis .   n - +1 trident
rCold    . . .     Gourm    .   (no shield)
rNeg     . . .     Faith    .   p - +0 ring mail
rPois    .         Spirit   .   a - +0 helmet
rElec    .         Reflect  .   (no cloak)
rCorr    .         Harm     .   u - +1 pair of gloves {Dex+3} (curse)
MR       .....                  (no boots)
Stlth    +.........             (no amulet)
HPRegen  0.21/turn              k - ring of flight
MPRegen  0.15/turn              (no ring)

@: very slightly contaminated
A: change form in water, swift swim, stealthy swim
a: Curse Item, Scrying, Renounce Religion, Evoke Flight


You were on level 9 of the Dungeon.
You worshipped Ashenzari.
Ashenzari was pleased with you.
You were hungry.

You visited 2 branches of the dungeon, and saw 10 of its levels.

You collected 478 gold pieces.

Inventory:

Hand Weapons
 n - a +1 trident (weapon)
Armour
 a - a +0 helmet (worn)
 b - a +0 leather armour
 p - a +0 ring mail (worn)
 r - a +0 shield
 u - a cursed +1 pair of gloves of dexterity (worn)
Jewellery
 k - a ring of flight (left hand)
 w - an uncursed amulet of guardian spirit
 y - a +2 amulet of reflection
Wands
 s - a wand of paralysis (9)
 t - a wand of flame (17)
Scrolls
 g - 4 scrolls of teleportation
 o - a scroll of blinking
 q - a scroll of fear {unknown}
 x - a scroll of identify
 A - a scroll of remove curse
 B - a scroll of amnesia
 E - a scroll of fog
Potions
 c - 2 potions of lignification
 e - 4 potions of brilliance
 f - a potion of resistance
 h - a potion of magic
 i - a potion of might
 j - a potion of mutation {unknown}
 l - a potion of agility {unknown}
 m - a potion of flight {unknown}
 v - a potion of berserk rage {unknown}
 z - 3 potions of heal wounds {unknown}
 C - 2 potions of curing {unknown}
 D - a potion of invisibility {unknown}
Comestibles
 d - 5 rations


   Skills:
 + Level 4.6 Fighting
 + Level 6.2 Polearms
 - Level 0.6 Armour
 - Level 2.6 Dodging
 + Level 2.2 Shields
 + Level 5.3 Spellcasting
 - Level 5.0 Hexes
 + Level 7.4 Charms
 - Level 4.0 Translocations


You had 12 spell levels left.
You knew the following spells:

 Your Spells              Type           Power        Failure   Level  Hunger
a - Infusion              Chrm           ####         1%          1    None
b - Shroud of Golubria    Chrm/Tloc      ###...       5%          2    #......
c - Spectral Weapon       Hex/Chrm       ###.....     9%          3    ###....

Your spell library contained the following spells:

 Spells                   Type           Power        Failure   Level  Hunger
 Song of Slaying          Chrm           ####....     2%          2    #......
 Regeneration             Chrm/Necr      ###.......   24%         3    ###....
 Sandblast                Erth           #.....       34%         1    None
 Passwall                 Tmut/Erth      #.......     47%         2    #......
 Stone Arrow              Conj/Erth      #.....       71%         3    ###....
 Petrify                  Tmut/Erth      #.......     98%         4    ####...
 Lee's Rapid Deconstruct  Erth           #.........   100%        5    ######.


Dungeon Overview and Level Annotations

Branches:
Dungeon (9/15)             Temple (1/1) D:6
   Lair: D:8-11         Orc: D:9-12

Altars:
Ashenzari
Cheibriados
Dithmenos
Elyvilon
Fedhas
Gozag
Hepliaklqana
Kikubaaqudgha
Makhleb
Nemelex Xobeh
Okawaru
Qazlal
Ru
Sif Muna
Trog
Uskayaw
Vehumet
Wu Jian
Xom
Yredelemnul
Zin
The Shining One
Lugonu

Shops:
D:5 !%?(*

Annotations:
D:5 3 runed translucent doors, catramo's ghost, novice DrCj; kaychamo's ghost, novice VSAs
D:9 Psyche


Message History

Your spectral weapon hits the wyvern.
The wyvern bites your spectral weapon!
Your spectral weapon shares its damage with you!
* * * LOW HITPOINT WARNING * * *
The wyvern bites your spectral weapon.
Your spectral weapon shares its damage with you!
* * * LOW HITPOINT WARNING * * *
Unknown command.
The wyvern closely misses you. The wyvern bites your spectral weapon!
Your spectral weapon shares its damage with you!
Your spectral weapon fades away.
* * * LOW HITPOINT WARNING * * *
The wyvern closely misses you. The wyvern bites you.
* * * LOW HITPOINT WARNING * * *
The wyvern bites you.
* * * LOW HITPOINT WARNING * * *
There is a stone staircase leading up here.
The wyvern bites you!
You die...

#+### #....
#..>. ##+# #..#
#...##..#######
..............#
..............#
.!.....@......#
........l.....#
..............#
.##.#.....##..#
# ####### ..#
..# .+ .#


You could see a wyvern.

Vanquished Creatures
  2 ice beasts (D:8)
  An orc warrior (D:5)
  2 sky beasts
  2 ogres
  2 centaurs
  A crocodile (D:8)
  7 bullfrogs
  A howler monkey (D:7)
  A centaur zombie (D:6)
  3 crimson imps
  A quasit (D:8)
  An orc priest (D:3)
  2 centaur skeletons
  4 hounds
  5 orc wizards
  A bullfrog skeleton (D:6)
  3 iguanas
  5 worker ants
  2 hound zombies (D:6)
  2 hound skeletons
  A howler monkey zombie (D:6)
  A worker ant zombie (D:7)
  Robin (D:3)
  12 adders
  A shadow imp (D:7)
  An ooze (D:3)
  An adder zombie (D:6)
  3 adder skeletons
  A worm (D:2)
  A dart slug (D:1)
  5 leopard geckos
  25 orcs
  A ball python (D:3)
  5 giant cockroaches
  9 hobgoblins
  6 jackals
  6 quokkas
  4 bats
  3 frilled lizards
  12 goblins
  A jackal skeleton (D:5)
  5 kobolds
  A leopard gecko zombie (D:5)
  4 rats
158 creatures vanquished.

Vanquished Creatures (others)
  A spectral weapon (D:9)
1 creature vanquished.

Grand Total: 159 creatures vanquished

Notes
Turn   | Place    | Note
-------+----------+-------------------------------------------
     0 | D:1      | EriolAelfwine the Merfolk Skald began the quest for the
                  | Orb.
     0 | D:1      | Reached XP level 1. HP: 16/16 MP: 3/3
   340 | D:1      | Reached XP level 2. HP: 15/22 MP: 0/5
  1437 | D:1      | Learned a level 2 spell: Shroud of Golubria
  1452 | D:1      | Reached XP level 3. HP: 9/27 MP: 0/7
  1881 | D:2      | Reached skill level 4 in Charms
  2054 | D:2      | Found a shimmering blue altar of Sif Muna.
  2581 | D:2      | Reached skill level 1 in Translocations
  2581 | D:2      | Reached XP level 4. HP: 23/33 MP: 0/8
  2866 | D:2      | Found a blossoming altar of Fedhas.
  3042 | D:3      | Reached XP level 5. HP: 19/38 MP: 1/9
  3428 | D:3      | Found a snail-covered altar of Cheibriados.
  3442 | D:3      | Found an ornate altar of the Wu Jian Council.
  3445 | D:3      | Found a glowing golden altar of the Shining One.
  3448 | D:3      | Found a shattered altar of Ashenzari.
  3456 | D:3      | Became a worshipper of Ashenzari the Shackled
  4009 | D:3      | Noticed Robin
  4030 | D:3      | Killed Robin
  4325 | D:3      | Reached skill level 5 in Charms
  4343 | D:3      | Learned a level 3 spell: Spectral Weapon
  4426 | D:3      | Reached XP level 6. HP: 44/44 MP: 7/11
  4634 | D:3      | Reached skill level 1 in Hexes
  5514 | D:4      | Reached XP level 7. HP: 36/50 MP: 7/13
  6177 | D:5      | Entered Level 5 of the Dungeon
  6177 | D:5      | Found Fuvasmeg's Antique Weapon Boutique.
  6177 | D:5      | Found Syxoush's Magic Scroll Emporium.
  6531 | D:5      | Found an iron altar of Okawaru.
  6895 | D:5      | Found Guniu's Assorted Antiques.
  6998 | D:5      | Reached * piety under Ashenzari
  7090 | D:5      | Found a runed translucent gate.
  7090 | D:5      | Found a runed translucent gate.
  7091 | D:5      | Found a runed translucent gate.
  7092 | D:5      | Noticed catramo's ghost (novice DrCj)
  7093 | D:5      | Noticed kaychamo's ghost (novice VSAs)
  7226 | D:5      | Found a sacrificial altar of Ru.
  7296 | D:5      | Found Puptoj's Food Emporium.
  7575 | D:5      | Found Qommess's Distillery.
  7950 | D:6      | Found a staircase to the Ecumenical Temple.
  8311 | D:6      | Found a hide-covered altar of Uskayaw.
  8685 | D:6      | Reached skill level 5 in Spellcasting
  8685 | D:6      | Reached XP level 8. HP: 33/56 MP: 8/15
  9148 | D:5      | Reached skill level 6 in Charms
  9921 | Temple   | Entered the Ecumenical Temple
 10011 | D:6      | Identified a scroll of acquirement
 10064 | D:6      | Found a white marble altar of Elyvilon.
 10591 | D:6      | Found a hazy altar of Hepliaklqana.
 10643 | D:6      | Found a shimmering altar of Xom.
 11259 | D:7      | Reached XP level 9. HP: 65/65 MP: 16/16
 11441 | D:7      | Reached skill level 5 in Polearms
 11441 | D:7      | Reached skill level 5 in Hexes
 11493 | D:7      | Reached skill level 1 in Shields
 11493 | D:7      | Reached skill level 7 in Charms
 11545 | D:7      | Found an ancient bone altar of Kikubaaqudgha.
 11545 | D:7      | Found a blossoming altar of Fedhas.
 12089 | D:7      | Found a glowing silver altar of Zin.
 12089 | D:7      | Found a shadowy altar of Dithmenos.
 12849 | D:8      | Noticed a two-headed ogre
 13388 | D:8      | Found a shimmering altar of Xom.
 14127 | D:9      | Reached ** piety under Ashenzari
 14166 | D:9      | Noticed Psyche
 14240 | D:9      | HP: 1/66 [wyvern (4)]
 14241 | D:9      | Demolished by a wyvern

Levels and vault maps discovered:
D:1:      dpeg_arrival_renting, layout_basic
D:2:      minmay_door_path, layout_rooms, lemuel_crystal_altar, first_ration,
          fedhas_altar_4
D:3:      layout_loops_cross, grunt_temple_overflow_cloverleaf,
          serial_bayou_lake_a, uniq_robin
D:4:      layout_loops_ring
D:5:      layout_loops_ring, lemuel_doored_altar, serial_glass, glass_columns_b,
          glass_columns_b, serial_shops, shop, nicolae_shop_waterfront,
          shop_statue, shop, shop, gammafunk_ghost_cemetery,
          nicolae_ru_the_path_less_chosen
D:6:      layout_loops_ring, old_standard_altar, eat_drink_and_be_merry_uskayaw,
          elyvilon_altar_3, minmay_temple_entry_mist, xom_teletrap_fun
D:7:      layout_basic, grunt_temple_overflow_growth_and_decay,
          gammafunk_temple_overflow_wave
D:8:      minmay_spotlight, layout_basic, basic_altar
D:9:      layout_gridville, lair_entry_dummy, grunt_ogre_cave,
          kennysheep_generic_room_8, uniq_grum, uniq_psyche
Temple:   corrupted_temple

Skill      XL: |  1  2  3  4  5  6  7  8  9 |
---------------+----------------------------+-----
Charms         | 4 5 6 7 |  7.4
Spellcasting   | 3 4 5 |  5.3
Translocations | 1 2 3 4 |  4.0
Hexes          | 2 3 4 5 |  5.0
Fighting       | 3 4 |  4.6
Polearms       | 4 6 |  6.2
Shields        | 2 |  2.2
Armour         | |  0.6
Dodging        | |  2.6

Action                   |  1- 3 |  4- 6 |  7- 9 || total
-------------------------+-------+-------+-------++-------
Melee: Spear             |   102 |       |       ||   102
       Trident           |    27 |   195 |   384 ||   606
       Tailslap          |       |     1 |     1 ||     2
 Cast: Infusion          |     4 |    11 |     6 ||    21
       Shroud of Golubri |     5 |    15 |    26 ||    46
       Spectral Weapon   |       |     2 |    29 ||    31
  Use: Scroll            |       |     5 |     8 ||    13
 Stab: Sleeping          |     1 |     1 |       ||     2
       Distracted        |       |       |     2 ||     2
  Eat: Chunk             |     1 |     8 |    17 ||    26
       Ration            |     1 |     1 |     4 ||     6
Armor: Leather armour    |    19 |    35 |     4 ||    58
       Ring mail         |       |       |   163 ||   163
Dodge: Dodged            |    64 |   127 |   259 ||   450
